 Dungeon Crawl Stone Soup version 0.29-a0-1027-gcd8c55af63 (webtiles) character file.

Game seed: 13947627322778577976

16948 27heaven the Thaumaturge (level 12, -16/77 HPs)
             Began as a Deep Elf Air Elementalist on Aug 13, 2022.
             Was a High Priest of Ashenzari.
             Killed from afar by a hell knight (23 damage)
             ... with a bolt of fire
             ... in a volcano.
             The game lasted 00:58:53 (17172 turns).

27heaven the Thaumaturge (DEAE)                    Turns: 17172, Time: 00:58:53

Health: -16/77     AC:  9    Str: 17    XL:     12   Next: 14%
Magic:  9/33       EV: 16    Int: 32    God:    Ashenzari [*****.]
Gold:   818        SH:  5    Dex: 11    Spells: 25/42 levels left

rFire   . . .      SeeInvis +   E - +5 dagger of the Ruined Affliction {speed, Str+4, Self, Cun} (curse)
rCold   . . .      Faith    .   x - +0 buckler of Ashenzari's Black Moon {Alch, Elem} (curse)
rNeg    . . .      Spirit   .   l - +1 leather armour of Star-Bound Wisdom {rC- Will+ Regen+ Str+8, Elem, Fort} (curse)
rPois   .          Reflect  .   h - +1 helmet of the Prophetic Sky {SInv, Melee, Comp} (curse)
rElec   +          Harm     .   (no cloak)
rCorr   .          Rampage  +   (no gloves)
Will    ++...      Clarity  +   O - +0 pair of boots "Lashed Lethargy" {Rampage rElec Dex-4 Slay+6, Self, Melee} (curse)
Stlth   +++.......              I - amulet "Overhang to Understand" {RegenMP, Cun, Comp} (curse)
HPRegen 1.02/turn               g - ring of Toth-Mos's Legacy {Int+6, Bglg, Melee} (curse)
MPRegen 0.63/turn               u - ring of Ashenzari's Augurer {Wiz, Fort, Elem} (curse)

@: swift, very slightly contaminated, hasted, very quick
A: cold resistance 1, sturdy frame 1
a: Renounce Religion, Shatter the Chains


You were in a volcano.
You worshipped Ashenzari.
Ashenzari was extremely pleased with you.
You visited 2 branches of the dungeon, and saw 13 of its levels.
You also visited: Bailey and Volcano.

You collected 862 gold pieces.
You spent 44 gold pieces at shops.

Inventory:

Hand Weapons
 E - the cursed +5 dagger of the Ruined Affliction (weapon) {speed, Str+4, Self, Cun}
   (You took it off an orc on level 7 of the Dungeon)

   Attacks with this weapon are significantly faster.
   Str:       It affects your strength (+4).
   It has a curse which improves the following skills: Introspection: Fighting
   and Spellcasting.
   Cunning:   Dodging and Stealth.
Armour
 h - the cursed +1 helmet of the Prophetic Sky (worn) {SInv, Melee, Comp}
   (You found it in a bailey)

   It has a curse which improves the following skills: Melee Combat: Short
   Blades, Long Blades, Axes, Maces & Flails, Polearms, Staves and Unarmed
   Combat.
   Companions: Summonings and Necromancy.
 l - the cursed +1 leather armour of Star-Bound Wisdom (worn) {rC- Will+ Regen+ Str+8, Elem, Fort}
   (You found it in a bailey)

   Str:       It affects your strength (+8).
   rC:        It makes you vulnerable to cold.
   Regen:     It increases your rate of health regeneration.
   Will:      It increases your willpower.
   It has a curse which improves the following skills: Elements: Fire Magic, Ice
   Magic, Air Magic and Earth Magic.
   Fortitude: Armour and Shields.
 x - the cursed +0 buckler of Ashenzari's Black Moon (worn) {Alch, Elem}
   (You found it on level 2 of the Lair of Beasts)

   It has a curse which improves the following skills: Alchemy: Poison Magic and
   Transmutations.
   Elements:  Fire Magic, Ice Magic, Air Magic and Earth Magic.
 O - the cursed +0 pair of boots "Lashed Lethargy" (worn) {Rampage rElec Dex-4 Slay+6, Self, Melee}
   (You found it in a volcano)

   Dex:       It affects your dexterity (-4).
   Slay:      It affects your accuracy & damage with ranged weapons and melee
   (+6).
   rElec:     It insulates you from electricity.
   Rampage:   It bestows one free step when moving towards enemies.
   It has a curse which improves the following skills: Introspection: Fighting
   and Spellcasting.
   Melee Combat: Short Blades, Long Blades, Axes, Maces & Flails, Polearms,
   Staves and Unarmed Combat.
Jewellery
 g - the cursed ring of Toth-Mos's Legacy (left hand) {Int+6, Bglg, Melee}
   (You found it on level 1 of the Dungeon)

   [ring of intelligence]

   Int:       It affects your intelligence (+6).
   It has a curse which improves the following skills: Beguiling: Conjurations,
   Hexes and Translocations.
   Melee Combat: Short Blades, Long Blades, Axes, Maces & Flails, Polearms,
   Staves and Unarmed Combat.
 k - a +4 ring of slaying
 u - the cursed ring of Ashenzari's Augurer (right hand) {Wiz, Fort, Elem}
   (You found it on level 5 of the Dungeon)

   [ring of wizardry]

   It improves your spell success rate.
   It has a curse which improves the following skills: Fortitude: Armour and
   Shields.
   Elements:  Fire Magic, Ice Magic, Air Magic and Earth Magic.
 z - a ring of poison resistance
 F - a ring of willpower
 I - the cursed amulet "Overhang to Understand" (around neck) {RegenMP, Cun, Comp}
   (You found it on level 8 of the Dungeon)

   [amulet of magic regeneration]

   It increases your rate of magic regeneration.
   It has a curse which improves the following skills: Cunning: Dodging and
   Stealth.
   Companions: Summonings and Necromancy.
 M - a ring of protection from cold
Wands
 m - a wand of light (9)
 B - a wand of polymorph (9)
 D - a wand of charming (10)
 K - a wand of roots (10)
 L - a wand of mindburst (2)
 N - a wand of flame (6)
Scrolls
 c - 3 scrolls of fear
 d - 6 scrolls of magic mapping
 e - 2 scrolls of poison
 i - 5 scrolls of noise
 n - 5 scrolls of butterflies
 o - 4 scrolls of vulnerability
 r - 2 scrolls of enchant weapon
 s - a scroll of summoning
 t - 2 scrolls of immolation
 w - 5 scrolls of teleportation
 y - 6 scrolls of amnesia
 A - 4 scrolls of brand weapon
 G - 2 scrolls of blinking
Potions
 a - a potion of brilliance
 b - 3 potions of magic
 f - a potion of lignification
 j - 6 potions of curing
 p - a potion of flight
 q - a potion of mutation
 v - 2 potions of invisibility
 C - 2 potions of might
 J - a potion of haste


   Skills:
 - Level 6.7(10.2) Fighting
 - Level 6.6(10.1) Armour
 - Level 9.9(13.3) Dodging
 - Level 2.4(5.1) Stealth
 - Level 1.9(4.4) Shields
 - Level 12.5(15.9) Spellcasting
 + Level 8.5(10.9) Conjurations
 - Level 6.2(8.5) Hexes
 - Level 4.3(8.4) Fire Magic
 - Level 5.0(9.2) Air Magic


You had 25 spell levels left.
You knew the following spells:

 Your Spells              Type           Power      Damage    Failure   Level
a - Shock                 Conj/Air       100%       1d9       1%          1
b - Swiftness             Air            71%        N/A       1%          3
c - Static Discharge      Conj/Air       74%        3-13/arc  1%          2
d - Airstrike             Air            35%        2d(6-22)  1%          4
e - Orb of Destruction    Conj           38%        9d11      9%          7

Your spell library contained the following spells:

 Spells                   Type           Power      Damage    Failure   Level
 Freeze                   Ice            100%       1d11      1%          1
 Starburst                Conj/Fire      36%        6d11      2%          6


Dungeon Overview and Level Annotations

Branches:
Dungeon (10/15)            Temple (0/1) D:5            Lair (3/5) D:8
  Swamp (0/4) Lair:2       Spider (0/4) Lair:3       Bailey (visited)
Volcano (1/1)
    Orc: D:9-12

Altars:
Ashenzari
Cheibriados
Fedhas
Hepliaklqana
Kikubaaqudgha
Makhleb
Nemelex Xobeh
Okawaru
Qazlal
Uskayaw
Vehumet
Wu Jian
Xom
Yredelemnul
Zin

Shops:
D:5 ?   D:9 *


Innate Abilities, Weirdness & Mutations

Your flesh is cold resistant. (rC+)
Your movements are slightly less encumbered by armour. (ER -2)


Message History

Aim: a hell knight, wielding a +2 scimitar of flaming and wearing a +1 chain mail of fire resistance (heavily wounded, fast, empty space bonus: 3/8)
The air twists around and strikes the hell knight!
The hell knight is heavily wounded.
The hell knight misses you.
Casting: Airstrike (safe; 1% risk of failure)
Confirm with . or Enter, or press ? or * to list all spells.
Aiming: Airstrike (safe; 1% risk of failure)
Press: ? - help, Dir - move target, f/p - hell knight
Aim: a hell knight, wielding a +2 scimitar of flaming and wearing a +1 chain mail of fire resistance (heavily wounded, fast, empty space bonus: 3/8)
The air twists around and strikes the hell knight but does no damage.
The hell knight closely misses you.
The hell knight hits you with a +2 scimitar of flaming!
The hell knight burns you.
You feel yourself speed up.
The hell knight calls down the wrath of its god upon you.
The bolt of fire hits you!!
* * * LOW HITPOINT WARNING * * *
You feel much better. You block the hell knight's attack.
Casting: Airstrike (safe; 1% risk of failure)
Confirm with . or Enter, or press ? or * to list all spells.
You feel quick.
The hell knight invokes the aid of its god against you.
The bolt of fire hits you.
The hell knight mumbles some strange prayers to its god against you.
The bolt of fire hits you!
* * * LOW HITPOINT WARNING * * *
There is an open door here.
Casting: Swiftness (safe; 1% risk of failure)
Confirm with . or Enter, or press ? or * to list all spells.
The spell is quite dangerous to miscast (9% risk of failure)!
Continue anyway?
Aiming: Orb of Destruction (quite dangerous; 9% risk of failure)
Press: ? - help, Shift-Dir - straight line, f/p - hell knight
Aim: a hell knight, wielding a +2 scimitar of flaming and wearing a +1 chain mail of fire resistance (heavily wounded, fast)
You miscast Orb of Destruction.
You are very lightly contaminated with residual magic.
Energy rips through your body!
* * * LOW HITPOINT WARNING * * *
The hell knight calls down the wrath of its god upon you.
The bolt of fire hits you!!
You die...

∆ .#.#.#)...#.≈≈≈≈§§§≈≈≈ ~ *,
,∆*.#.#.#....#..≈≈§§≈≈≈§≈ ~, *
∆∆∆ .#.#.#.)..#.≈≈§§§≈≈≈~~ ~ ,* *
.#.#.######..≈§§≈§≈~~ ~~ *
,....#.#......#.≈≈§≈§§ ~
,###++###)###''###.. ~ ~
,#....#..)..#....# , ~ ~ ~~§ §
,#.∩..#.8_8.#..∩.#,~~~ ~~~~≈≈ §~
,#....'..p..@)...# ~ ≈§≈ §≈~
################# ~~~ ≈≈≈≈ §§§~
,....§.§......,, ~~≈≈≈≈≈
≈§≈≈§.≈§.≈≈.§≈§§≈...~~ ≈§§§≈≈≈≈
§§§≈≈≈≈§§≈§≈≈§≈≈≈§≈≈≈≈≈≈≈§§≈≈≈≈≈≈
≈≈§§≈≈≈§§≈≈≈≈§≈≈§§§≈≈≈≈§≈≈§§≈≈≈≈≈
§≈≈≈≈≈≈≈≈§≈§≈≈§≈§§≈§≈§≈≈§≈§≈≈≈≈≈§
≈≈§§≈≈≈≈≈≈≈≈≈§≈≈≈§§§≈≈≈§§§§≈≈≈§≈§
§≈§§§≈≈§§≈≈§≈≈≈≈≈§§≈≈≈≈§§§§§≈≈§≈.


You could see a hell knight (fast).

Vanquished Creatures
  A centaur warrior (Volcano)
  3 two-headed ogres
  The ghost of Lycake the Covert, a novice SpEn of Vehumet (D:8)
  An orc knight (Bailey)
  A deep elf pyromancer (Bailey)
  3 elephants (Lair:2)
  A molten gargoyle (Volcano)
  2 cane toads
  A rime drake (Lair:2)
  2 trolls
  A polar bear (Lair:1)
  5 blink frogs (Lair:1)
  A shadow (D:10)
  A fire bat (Volcano)
  3 wyverns
  18 yaks
  A vampire (D:10)
  3 steam dragons
  3 vampire mosquitoes (D:10)
  Menkaure (D:6)
  5 water moccasins
  4 orc warriors
  A black bear (Lair:1)
  2 sky beasts
  An ogre (D:4)
  10 centaurs
  A phantom (D:4)
  8 bullfrogs
  A kobold brigand (D:7)
  A necrophage (D:5)
  8 scorpions
  5 wights (D:7)
  11 killer bees
  3 howler monkeys (D:9)
  5 lava snakes (Volcano)
  2 hounds
  3 jellies
  4 orc priests
  2 gnoll boudas
  Jessica (D:2)
  4 iguanas
  5 orc wizards
  Natasha (thrice) (D:2)
  10 gnolls
  8 adders
  A shadow imp (D:8)
  A white imp (D:5)
  4 worms
  44 orcs
  6 bats
  3 endoplasms
  4 giant cockroaches
  5 goblins
  6 hobgoblins
  A quokka (D:5)
  3 ball pythons
  6 frilled lizards
  11 kobolds
  5 rats
261 creatures vanquished.

Vanquished Creatures (others)
  7 fungi
  5 plants
  A withered plant (D:9)
13 creatures vanquished.

Grand Total: 274 creatures vanquished

Notes
Turn   | Place    | Note
-------+----------+-------------------------------------------
     0 | D:1      | 27heaven the Deep Elf Air Elementalist began the quest for
                  | the Orb.
     0 | D:1      | Reached XP level 1. HP: 10/10 MP: 6/6
   366 | D:1      | Found a faded altar of an unknown god.
   380 | D:1      | Reached XP level 2. HP: 15/15 MP: 0/8
   383 | D:1      | Prayed at the altar of an unknown god.
   383 | D:1      | Became a worshipper of Ashenzari the Shackled
  1330 | D:2      | Reached XP level 3. HP: 19/19 MP: 6/10
  1334 | D:2      | Learned a level 3 spell: Swiftness
  1337 | D:2      | Learned a level 2 spell: Static Discharge
  1458 | D:2      | Reached * piety under Ashenzari
  1565 | D:2      | Noticed Jessica
  1569 | D:2      | Killed Jessica
  1570 | D:2      | Reached skill level 4 in Spellcasting
  1604 | D:2      | Identified the +1 ring mail "Untaj" {rN+ rCorr}
  1710 | D:2      | Reached XP level 4. HP: 24/24 MP: 7/12
  1815 | D:2      | Noticed Natasha
  1821 | D:2      | Killed Natasha
  1883 | D:2      | Noticed Natasha
  1885 | D:2      | Killed Natasha
  1989 | D:2      | Learned a level 4 spell: Airstrike
  2013 | D:2      | Noticed Natasha
  2017 | D:2      | Killed Natasha
  2018 | D:2      | Reached XP level 5. HP: 29/29 MP: 11/14
  2250 | D:3      | Found a burning altar of Makhleb.
  2303 | D:3      | Reached ** piety under Ashenzari
  2589 | D:3      | Reached skill level 1 in Fighting
  3081 | D:4      | Reached skill level 1 in Armour
  3081 | D:4      | Reached skill level 5 in Spellcasting
  3223 | D:4      | Noticed a phantom
  3235 | D:4      | Killed a phantom
  3236 | D:4      | Reached XP level 6. HP: 24/36 MP: 2/18
  3751 | D:4      | Found a blossoming altar of Fedhas.
  3932 | D:4      | Reached XP level 7. HP: 41/41 MP: 14/20
  4446 | D:5      | Entered Level 5 of the Dungeon
  4502 | D:5      | Found a staircase to the Ecumenical Temple.
  4597 | D:5      | Reached skill level 6 in Spellcasting
  4597 | D:5      | Reached skill level 5 in Air Magic
  5109 | D:5      | Reached skill level 7 in Spellcasting
  5344 | D:5      | Found Irchiaf's Magic Scroll Boutique.
  5347 | D:5      | Bought a scroll of amnesia for 44 gold pieces
  5415 | D:5      | Found a glowing silver altar of Zin.
  5642 | D:6      | Found a stormy altar of Qazlal.
  5643 | D:6      | Found an ornate altar of the Wu Jian Council.
  5643 | D:6      | Found a radiant altar of Vehumet.
  5644 | D:6      | Found a snail-covered altar of Cheibriados.
  5647 | D:6      | Found a sparkling altar of Nemelex Xobeh.
  5652 | D:6      | Reached XP level 8. HP: 48/48 MP: 18/23
  5747 | D:6      | Reached skill level 5 in Dodging
  6197 | D:6      | Reached skill level 8 in Spellcasting
  6533 | D:6      | Noticed Menkaure
  6539 | D:6      | Killed Menkaure
  6850 | D:7      | Reached skill level 9 in Spellcasting
  7001 | D:7      | Identified Sif Muna's Almanac of the Kinetic Blizzard
  7060 | D:7      | Reached skill level 1 in Fire Magic
  7063 | D:7      | Reached XP level 9. HP: 38/53 MP: 14/25
  7304 | D:7      | Identified the +5 dagger "Yceniena" {speed, Str+4}
  7421 | D:7      | Identified the +9 long sword "Boacvug" {pain, Str+4}
  7943 | D:7      | Found an iron altar of Okawaru.
  7952 | D:7      | Found a basalt altar of Yredelemnul.
  8309 | D:8      | Found a flagged portal.
  8315 | Bailey   | Entered a bailey
  8441 | Bailey   | Gained mutation: You are weak. (Str -2) [potion of
                  | mutation]
  8442 | Bailey   | Lost mutation: You are weak. (Str -2) [potion of mutation]
  8442 | Bailey   | Gained mutation: Your magical capacity is low. (-10% MP)
                  | [potion of mutation]
  8443 | Bailey   | Lost mutation: Your magical capacity is low. (-10% MP)
                  | [potion of mutation]
  8443 | Bailey   | Gained mutation: Your flesh is cold resistant. (rC+)
                  | [potion of mutation]
  8443 | Bailey   | Gained mutation: Your movements are slightly less
                  | encumbered by armour. (ER -2) [potion of mutation]
  8634 | Bailey   | Noticed an orc knight
  8648 | Bailey   | Killed an orc knight
  8649 | Bailey   | Reached skill level 10 in Spellcasting
  8649 | Bailey   | Reached skill level 5 in Conjurations
  9047 | Bailey   | Found a large runed translucent door.
  9047 | Bailey   | Found a large runed translucent door.
  9047 | Bailey   | Noticed a deep elf pyromancer
  9049 | Bailey   | Identified the +1 leather armour of the Lily {rC- Will+
                  | Regen+ Str+8}
  9071 | Bailey   | HP: 2/52 [orc warrior/+0 glaive (16)]
  9525 | Bailey   | Killed a deep elf pyromancer
  9526 | Bailey   | Reached XP level 10. HP: 27/58 MP: 17/26
 10119 | D:8      | Found a runed translucent door.
 10124 | D:8      | Noticed Lycake's ghost (novice SpEn)
 10692 | D:8      | Found a staircase to the Lair.
 11003 | D:8      | Killed Lycake's ghost
 11004 | D:8      | Reached skill level 5 in Fighting
 11136 | D:8      | Reached skill level 5 in Armour
 11375 | D:9      | Noticed a two-headed ogre
 11395 | D:9      | Killed a two-headed ogre
 11396 | D:9      | Reached skill level 11 in Spellcasting
 11396 | D:9      | Reached skill level 1 in Hexes
 12125 | D:9      | Found Yriucash's Fire Supplies.
 12179 | D:9      | Reached *** piety under Ashenzari
 12211 | D:9      | Found an ancient bone altar of Kikubaaqudgha.
 12307 | D:9      | Noticed a two-headed ogre
 12527 | D:9      | Killed a two-headed ogre
 12912 | D:9      | Reached XP level 11. HP: 67/67 MP: 25/30
 13004 | D:9      | Found a hide-covered altar of Uskayaw.
 13056 | D:10     | Entered Level 10 of the Dungeon
 13310 | D:10     | Noticed a two-headed ogre
 13467 | D:10     | Killed a two-headed ogre
 13560 | D:10     | Found a shimmering altar of Xom.
 13561 | D:10     | Found a hazy altar of Hepliaklqana.
 13561 | D:10     | Noticed a six-headed hydra
 13566 | D:10     | Reached **** piety under Ashenzari
 14089 | Lair:1   | Entered Level 1 of the Lair of Beasts
 14180 | Lair:1   | Reached skill level 5 in Hexes
 14218 | Lair:1   | Reached skill level 12 in Spellcasting
 15325 | Lair:2   | Reached skill level 1 in Shields
 15650 | Lair:2   | Found a staircase to the Swamp.
 15830 | Lair:1   | Learned a level 7 spell: Orb of Destruction
 16684 | Lair:3   | Found a hole to the Spider Nest.
 16699 | Lair:3   | Reached XP level 12. HP: 75/75 MP: 17/32
 16723 | Lair:3   | Found a dark tunnel.
 16731 | Volcano  | Entered a volcano
 17023 | Volcano  | Found a radiant altar of Vehumet.
 17023 | Volcano  | Noticed a centaur warrior
 17026 | Volcano  | Killed a centaur warrior
 17108 | Volcano  | Identified the +0 pair of boots of Ufuirgh {Rampage rElec
                  | Dex-4 Slay+6}
 17134 | Volcano  | Reached ***** piety under Ashenzari
 17164 | Volcano  | HP: 1/77 [hell knight/bolt of fire (30)]
 17172 | Volcano  | Killed from afar by a hell knight

Illustrated notes

Levels and vault maps discovered:
D:1:      dpeg_arrival_lava_temple_mockup, layout_loops_ring,
          hellmonk_ecumenical_altar_blasted
D:2:      layout_rooms, uniq_natasha, uniq_jessica
D:3:      layout_basic, lightli_temple_of_fire, minmay_tree_intersection,
          hex_large, minmay_misc_feat_diagonals, reono_crystal_passage,
          minmay_statues_item
D:4:      layout_loops_corners, fedhas_ov_isle_minmay
D:5:      layout_loops_cross, mainiacjoe_overflow_catwalk, temple_fountains,
          serial_shops, kennysheep_mini
D:6:      layout_loops_cross, minitemple, uniq_menkaure
D:7:      layout_cave_pools, mainiacjoe_overflow_swirl
D:8:      layout_layer_cave, lair_entry_dummy, ebering_ghost_reflecting_pool,
          enter_bailey_2
D:9:      layout_roguey, marbit_many_paths, kiku_gazebo_garden_becter,
          nicolae_shop_fire_sale [nicolae_sub_dead_trees]
D:10:     layout_irregular_city, regret_index_temple_of_mockery
Lair:1:   layout_cave_pods
Lair:2:   layout_layer_cave, swamp_mist_pool
Lair:3:   layout_cave_pods, nicolae_spider_entry_non_spiders,
          lightli_volcano_entry_magma_tube
Volcano:  volcano_lake [vl_original]

Skill      XL: |  1  2  3  4  5  6  7  8  9 10 11 12 |
---------------+-------------------------------------+-----
Conjurations   | 2 3 5 7 8 |  8.5
Spellcasting   | 4 5 7 9 10 11 12 | 12.5
Fighting       | 1 2 3 4 5 6 |  6.7
Air Magic      | 4 5 |  5.0
Armour         | 1 2 3 4 5 6 |  6.6
Dodging        | 3 4 6 7 8 9 |  9.9
Fire Magic     | 1 4 |  4.3
Hexes          | 3 6 |  6.2
Shields        | 1 |  1.9
Stealth        | |  2.4

Action                   |  1- 3 |  4- 6 |  7- 9 | 10-12 || total
-------------------------+-------+-------+-------+-------++-------
Melee: Dagger            |     4 |       |     2 |     8 ||    14
 Cast: Shock             |    59 |    87 |   201 |   172 ||   519
       Airstrike         |       |     4 |    67 |   158 ||   229
       Swiftness         |       |       |       |     8 ||     8
       Orb of Destructio |       |       |       |     9 ||     9
Invok: Curse Item        |     2 |     1 |     3 |     6 ||    12
       Shatter the Chain |       |       |     3 |     1 ||     4
  Use: Scroll            |     1 |       |     2 |       ||     3
       Potion            |       |     1 |     3 |     2 ||     6
Armor: Robe              |     6 |     5 |     3 |     5 ||    19
       Leather armour    |       |       |       |    26 ||    26
Dodge: Dodged            |     5 |    19 |    41 |   133 ||   198
Block: Buckler           |       |       |       |    22 ||    22

Table legend: (Time is in decaauts)
 A = Elapsed time spent in this place.
 B = Non-inter-level travel time spent in this place.
 C = Inter-level travel time spent in this place.
 D = Time resting spent in this place.
 E = Time spent auto-exploring this place.
 F = Levels seen in this place.
 G = Mean time per level.
                   A        B        C        D        E       F      G
               +--------+--------+--------+--------+--------+-----+--------+
         Total |  17160 |  16624 |    536 |   2076 |  11082 |  15 | 1144.0 |
       Dungeon |  12669 |  12165 |    504 |   1174 |   9060 |  10 | 1266.9 |
          Lair |   2635 |   2603 |     32 |     73 |   1743 |   3 |  878.3 |
        Bailey |   1417 |   1417 |      0 |    772 |    250 |   1 | 1417.0 |
       Volcano |    437 |    437 |      0 |     57 |     29 |   1 |  437.0 |
               +--------+--------+--------+--------+--------+-----+--------+

Top non-repeatable levels by time:
     D:8: 1822 daAuts
     D:9: 1725 daAuts
  Bailey: 1417 daAuts
     D:7: 1407 daAuts
     D:4: 1338 daAuts
  Lair:2: 1250 daAuts
     D:1: 1230 daAuts
  Lair:1: 1227 daAuts
     D:6: 1192 daAuts
     D:5: 1183 daAuts
     D:2: 952 daAuts
     D:3: 927 daAuts
    D:10: 890 daAuts
 Volcano: 437 daAuts
  Lair:3: 158 daAuts
